 Dungeon Crawl Stone Soup version 0.29-a0-1033-gb6c65ffae6 (webtiles) character file.

Game seed: 4572506593212124128

14 ytrimaz the Chopper (level 2, 24/24 HPs)
             Began as a Demonspawn Berserker on Aug 14, 2022.
             Was a Follower of Trog.
             Quit the game on level 1 of the Dungeon.
             The game lasted 00:00:27 (376 turns).

ytrimaz the Chopper (Demonspawn Berserker)           Turns: 376, Time: 00:00:27

Health: 24/24      AC:  2    Str: 17    XL:     2   Next: 27%
Magic:  2/2        EV: 12    Int:  8    God:    Trog [*.....]
Gold:   42         SH:  0    Dex: 12    Spells: 1/1 levels left

rFire   . . .      SeeInvis .   a - +0 hand axe
rCold   . . .      Faith    .   (no shield)
rNeg    . . .      Spirit   .   b - +0 animal skin
rPois   .          Reflect  .   (no helmet)
rElec   .          Harm     .   (no cloak)
rCorr   .          Rampage  .   (no gloves)
Will    .....                   (no boots)
Stlth   +.........              (no amulet)
HPRegen 0.08/turn               (no ring)
MPRegen 0.08/turn               (no ring)

@: no status effects
A: claws 1
a: Renounce Religion, Berserk


You were on level 1 of the Dungeon.
You worshipped Trog.
Trog was aware of your devotion.
You visited 1 branch of the dungeon, and saw 1 of its levels.

You collected 42 gold pieces.

Inventory:

Hand Weapons
 a - a +0 hand axe (weapon)
Armour
 b - a +0 animal skin (worn)
Potions
 c - a potion of brilliance {unknown}


   Skills:
 - Level 3.0 Fighting
 + Level 3.4 Axes
 - Level 1.7 Armour
 - Level 1.7 Dodging


You had one spell level left.
You didn't know any spells.
Your spell library was empty.

Dungeon Overview and Level Annotations

Branches:
Dungeon (1/15)

Altars:


Innate Abilities, Weirdness & Mutations

You have sharp fingernails.


Message History

You closely miss the rat. The rat barely misses you.
The rat bites you but does no damage.
Things that are here:
a +0 dagger; a stone; a kobold corpse You closely miss the goblin.
You hit the rat but do no damage. The rat bites you but does no damage.
The goblin hits you but does no damage.
You miss the goblin. You barely miss the rat. The goblin closely misses you.
The rat bites you.
Unknown command.
You hit the goblin.
You kill the goblin!
Trog accepts your kill.
You completely miss the rat. The rat closely misses you.
Found 17 gold pieces.
The rat closely misses you.
Things that are here:
a +0 club; a goblin corpse You slash the rat!
You kill the rat!
Trog accepts your kill.
Unknown command.
No target in view!
No target in view!
No target in view!
Unknown command.
No target in view!
Found a stone staircase leading down.
You now have 42 gold pieces (gained 17).
Found a robe.
c - a brown potion A bat comes into view.
A bat is nearby!
A bat is nearby!
The bat hits you.
You hit the bat.
You kill the bat!
Trog accepts your kill.
A ball python comes into view.
The ball python hisses angrily.
A dart slug comes into view.
A quokka comes into view.
Are you sure you want to abandon this character and quit the game? (Confirm with "yes".)

.##..........# ..
.............### #...
###............. ....
#..........######....
#........>....>....
###...........##...# #
...................#.#.#
..............#.........
......#.........@.S#.#.
......##.............#
.......)†..####..###....
####..#)..>...$.....


.wr ## ##.###†###.#..#..# .. .####.# #.###......... ......###..#......####
#.................# ...##.#..#.#..... You could see a dart slug (wandering), a
quokka and a ball python.

Vanquished Creatures
  2 bats (D:1)
  3 endoplasms (D:1)
  A goblin (D:1)
  2 hobgoblins (D:1)
  A ball python (D:1)
  2 kobolds (D:1)
  2 rats (D:1)
13 creatures vanquished.

Notes
Turn   | Place    | Note
-------+----------+-------------------------------------------
     0 | D:1      | ytrimaz the Demonspawn Berserker began the quest for the
                  | Orb.
     0 | D:1      | Reached XP level 1. HP: 18/18 MP: 1/1
   275 | D:1      | Gained mutation: You have sharp fingernails. [demonic
                  | ancestry]
   275 | D:1      | Reached XP level 2. HP: 20/24 MP: 2/2
   376 | D:1      | Quit the game

Illustrated notes

Levels and vault maps discovered:
D:1:      dreamdust_arrival_sigmund_warning, layout_rooms

Skill      XL: |  1 |
---------------+----+-----
Axes           | 3 |  3.4
Fighting       | |  3.0
Armour         | |  1.7
Dodging        | |  1.7

Action                   || total
-------------------------++-------
Melee: Hand axe          ||    22
       Punch             ||     1
Armor: Animal skin       ||     9
Dodge: Dodged            ||    15

Table legend: (Time is in decaauts)
 A = Elapsed time spent in this place.
 B = Non-inter-level travel time spent in this place.
 C = Inter-level travel time spent in this place.
 D = Time resting spent in this place.
 E = Time spent auto-exploring this place.
 F = Levels seen in this place.
 G = Mean time per level.
                   A        B        C        D        E       F      G
               +--------+--------+--------+--------+--------+-----+--------+
         Total |    379 |    379 |      0 |    150 |    156 |   1 |  379.0 |
       Dungeon |    379 |    379 |      0 |    150 |    156 |   1 |  379.0 |
               +--------+--------+--------+--------+--------+-----+--------+

Top non-repeatable levels by time:
     D:1: 379 daAuts
